AoeStats
← Potri

Arena

507001854Analyzed
1v1 RM · 15d ago on Sep 16, 2026· 81m 35s· 2 players
Game mode
Random Map
Map size
Tiny (2 player)
Population
200
Speed
Normal
Resources
Standard
Victory
Conquest
Starting age
Dark Age
Ending age
Imperial Age
RankedLock teamsTeams togetherTeam positionsShared explorationLock speedFull tech treeHidden civsTurbo modeCheats
Victory
Defeat
🇷🇴 Turks · Romania
732
+29
🇨🇳 Goths · China
745
-17
Potri
13:53 Feudal Age
18:27 Castle Age
16:59 Double-Bit Axe
17:12 Gold Mining
19:43 Loom
23:12 Imperial Age
21:55 Padded Archer Armor
21:57 Fletching
27:09 Thumb Ring
32:47 Leather Archer Armor
32:27 Bodkin Arrow
39:48 Bracer
40:19 Ring Archer Armor
44:21 Forging
44:11 Scale Mail Armor
44:16 Scale Barding Armor
44:37 Artillery
52:14 Conscription
53:22 Wheelbarrow
52:35 Town Watch
53:31 Gold Shaft Mining
52:47 Stone Mining
58:13 Bloodlines
58:05 Husbandry
58:43 Elite Janissary
59:57 Bow Saw
59:32 Horse Collar
62:02 Chain Barding Armor
62:18 Iron Casting
61:59 Chain Mail Armor
66:06 Hand Cart
66:13 Hand Cart
72:30 Plate Barding Armor
72:57 Blast Furnace
80:18 Town Patrol
aslad
11:02 Feudal Age
13:14 Double-Bit Axe
17:07 Castle Age
21:41 Bow Saw
22:59 Light Cavalry
26:25 Stone Mining
28:04 Wheelbarrow
27:15 Town Watch
27:15 Loom
31:22 Imperial Age
28:42 Horse Collar
30:23 Hand Cart
31:34 Stone Shaft Mining
31:16 Heavy Plow
31:52 Anarchy
33:58 Forging
33:48 Scale Mail Armor
33:54 Scale Barding Armor
33:38 Hussar
34:29 Bloodlines
34:19 Husbandry
35:53 Iron Casting
37:41 Perfusion
39:28 Guilds
39:08 Elite Huskarl
41:57 Two-Man Saw
41:50 Chain Mail Armor
54:58 Crop Rotation
63:08 Town Patrol
64:20 Blast Furnace
64:16 Gold Mining
64:48 Chain Mail Armor
Connection lost

Rejoining the realm…

Still unreachable

The connection could not be restored.

Session expired

The server has moved on; the page needs a fresh start.